 Dungeon Crawl Stone Soup version 0.31.0-32-g396128a36d (webtiles) character file.

Game seed: 15374567689375307510

10878 Tovical the Protected (level 11, -5/73 HPs)
             Began as a Gargoyle Fighter on Mar 22, 2024.
             Was a High Priest of Okawaru.
             Slain by a very large slime creature (48 damage)
             ... on level 10 of the Dungeon.
             The game lasted 00:36:10 (11584 turns).

Tovical the Protected (Gargoyle Fighter)           Turns: 11584, Time: 00:36:11

Health: -5/73      AC: 24    Str: 20    XL:     11   Next: 69%
Magic:  11/11      EV:  8    Int:  9    God:    Okawaru [*****.]
Gold:   227        SH:  0    Dex: 13    Spells: 10/10 levels left

rFire   + . .        a - +7 dire flail
rCold   + + .        (shield currently unavailable)
rNeg    + . .        f - +2 chain mail {Will+}
rPois   ∞            k - +0 helmet
rElec   +            s - scarf {rC+ rF+}
rCorr   .            v - +0 pair of gloves
SInv    .            (no boots)
Will    +....        (no amulet)
Stlth   ++           g - ring of protection from cold
HPRegen 0.32/turn    (no ring)
MPRegen 0.12/turn

%: no passive effects
@: no status effects
A: sickness immunity, AC +8, negative energy resistance 1, electricity
resistance, torment resistance 1, petrification resistance
a: Renounce Religion, Heroism, Finesse, Duel


You were on level 10 of the Dungeon.
You worshipped Okawaru.
Okawaru was extremely pleased with you.
You visited 2 branches of the dungeon, and saw 12 of its levels.
You also visited: Ossuary.

You collected 605 gold pieces.
You spent 378 gold pieces at shops.

Inventory:

Hand Weapons
 a - a +7 dire flail (weapon)
 b - a +5 flail of freezing
 w - a +4 heavy flail
Missiles
 p - 3 curare-tipped darts
 q - 8 boomerangs (quivered)
Armour
 f - a +2 chain mail of willpower (worn)
 k - a +0 helmet (worn)
 s - a scarf of resistance (worn)
 v - a +0 pair of gloves (worn)
Jewellery
 g - a ring of protection from cold (left hand)
Wands
 d - a wand of iceblast (5)
Scrolls
 c - a scroll of torment
 o - 4 scrolls of teleportation
Potions
 e - 3 potions of curing
 i - 2 potions of haste
 j - a potion of attraction
 l - 2 potions of magic
 m - a potion of might
 n - a potion of resistance
 r - 3 potions of lignification {unknown}
 t - a potion of enlightenment


   Skills:
 + Level 10.3 Fighting
 + Level 9.2 Maces & Flails
 + Level 4.5 Throwing
 + Level 10.3 Armour
 - Level 10.0 Stealth
 - Level 3.2 Shields


You had 10 spell levels left.
You didn't know any spells.
Your spell library contained the following spells:

 Spells                   Type           Power      Damage    Failure   Level
 Shock                    Conj/Air       0%         1d3       91%         1
 Ensorcelled Hibernation  Hex/Ice        0%         N/A       97%         2
 Dazzling Flash           Conj/Hex       0%         N/A       100%        3
 Mephitic Cloud           Conj/Alch/Air  0%         N/A       100%        3
 Passwall                 Erth           0%         N/A       100%        3
 Swiftness                Air            0%         N/A       100%        3
 Airstrike                Air            0%         2d(0-16)  100%        4
 Ignite Poison            Fire/Alch      0%         N/A       100%        4
 Leda's Liquefaction      Alch/Erth      0%         N/A       100%        4
 Curse of Agony           Necr           0%         N/A       100%        5
 Freezing Cloud           Conj/Ice/Air   0%         6-21      100%        5
 Lee's Rapid Deconstruct  Erth           0%         3d4*      100%        5
 Silence                  Hex/Air        0%         N/A       100%        5
 Bombard                  Conj/Erth      0%         9d1       100%        6
 Chain Lightning          Conj/Air       0%         N/A       100%        9
 Fire Storm               Conj/Fire      0%         5d1       100%        9
 Shatter                  Erth           0%         3d5*      100%        9
 Cigotuvi's Dreadful Rot  Necr/Alch/Air  Unusable   N/A       N/A         2

Dungeon Overview and Level Annotations

Branches:
Dungeon (11/15)            Temple (1/1) D:4            Lair (0/5) D:10
    Orc (0/2) D:10        Ossuary (visited)

Altars:
Ashenzari
Cheibriados
Dithmenos
Elyvilon
Fedhas
Gozag
Hepliaklqana
Kikubaaqudgha
Makhleb
Nemelex Xobeh
Okawaru
Qazlal
Ru
Sif Muna
Trog
Uskayaw
Vehumet
Wu Jian
Xom
Yredelemnul
Zin
The Shining One

Shops:
D:10 !


Innate Abilities, Weirdness & Mutations

You are immune to sickness and miasma.
Your stone body is resilient. (AC +8)
You are immune to poison.
You resist negative energy. (rN+)
You are resistant to electric shocks. (rElec)
You are resistant to unholy torment.
You are immune to petrification.


Message History

The slime creature is lightly wounded.
The slime creature hits you but does no damage.
The slime creature quivers.
You hit the slime creature.
The slime creature is lightly wounded.
You hit the slime creature.
The slime creature is lightly wounded.
The slime creature hits you but does no damage.
The slime creature closely misses you.
You hit the slime creature.
The slime creature is lightly wounded.
The slime creature hits you! x2
You puncture the slime creature!
The slime creature is moderately wounded.
The slime creature hits you but does no damage. x2
You hit the slime creature.
The slime creature is heavily wounded.
The slime creature hits you but does no damage. x2
You sock the slime creature!
The slime creature is heavily wounded.
The slime creature hits you!
The slime creature hits you but does no damage.
You sock the slime creature!
The slime creature is severely wounded.
You barely miss the slime creature.
The slime creature is severely wounded.
The slime creature barely misses you. x2
You hit the slime creature.
The slime creature is severely wounded.
The slime creature hits you but does no damage. x3
Two slime creatures merge to form a large slime creature.
Two slime creatures merge to form a very large slime creature.
The very large slime creature attacks as it pursues you!
The very large slime creature hits you.
The very large slime creature attacks as it pursues you!
The very large slime creature hits you but does no damage.
The very large slime creature attacks as it pursues you!
The very large slime creature hits you!!!
Ouch! That really hurt!
You die...

#.## ##..## #..## ###
#.#####....##
###...### #
#..##.......#
##.......##
##..........##
##..#J.....#
##...........##
##..###.....##
#.............# ##..##
#......##
..#...........####..##
##......#
.##......(.....##J.##
#......J
###............#@###
##...###
##...........<##
##..##. #............#
#.##.. #............#
#.#... ##...........#
#..... ###.........#
###... #####....)#
##.. #####.# ##. #.#
##


You could see a very large slime creature.

Vanquished Creatures
  A two-headed ogre (D:10)
  Sonja (D:10)
  Amaemon (D:9)
  A deep elf pyromancer (D:9)
  An orange demon (D:10)
  2 kobold demonologists (D:10)
  A slime creature (D:9)
  Sigmund (D:3)
  A shadow (D:10)
  10 yaks (D:9)
  A basilisk (D:10)
  4 vampire mosquitoes (D:10)
  A steam dragon (D:10)
  3 water moccasins
  Duvessa (D:4)
  3 orc warriors
  3 ice beasts
  2 sky beasts (D:7)
  A black bear (D:6)
  4 ogres
  A centaur (D:10)
  2 wolves
  A phantom (D:5)
  An elf zombie (Ossuary)
  7 kobold brigands
  A weeping skull (Ossuary)
  3 scorpions
  Dowan (D:3)
  8 wights
  16 killer bees
  4 howler monkeys
  2 centaur zombies (Ossuary)
  3 human zombies (Ossuary)
  5 hounds
  5 jellies
  4 orc priests (D:10)
  A spectral scorpion (Ossuary)
  6 iguanas
  Jessica (D:2)
  Ijyb (D:4)
  Terence (D:3)
  3 orc wizards
  A crocodile zombie (Ossuary)
  A hound zombie (Ossuary)
  4 mummies
  Robin (D:3)
  8 gnolls
  5 adders
  A shadow imp (D:7)
  3 adder zombies (Ossuary)
  39 orcs
  8 endoplasms
  7 giant cockroaches
  A gnoll zombie (Ossuary)
  17 goblins
  5 hobgoblins
  2 jackals (D:3)
  22 kobolds
  9 quokkas
  12 ball pythons
  3 ball python zombies (Ossuary)
  7 bats
  7 frilled lizards
  A goblin zombie (D:4)
  A hobgoblin zombie (D:4)
  4 jackal zombies (Ossuary)
  6 kobold zombies (Ossuary)
  3 orc zombies (Ossuary)
  7 rats
305 creatures vanquished.

Notes
Turn   | Place    | Note
-------+----------+-------------------------------------------
     0 | D:1      | Tovical the Gargoyle Fighter began the quest for the Orb.
     0 | D:1      | Reached XP level 1. HP: 14/14 MP: 1/1
   298 | D:1      | Reached XP level 2. HP: 19/19 MP: 2/2
  1049 | D:1      | Reached XP level 3. HP: 23/24 MP: 3/3
  1173 | D:2      | Identified the +0 pair of boots "Tugu" {rC+ Str-5 Int+3
                  | SInv}
  1210 | D:2      | Reached skill level 1 in Stealth
  1414 | D:2      | Reached XP level 4. HP: 18/29 MP: 4/4
  1565 | D:2      | Found a faded altar of an unknown god.
  2024 | D:2      | Noticed Jessica
  2028 | D:2      | Killed Jessica
  2029 | D:2      | Reached XP level 5. HP: 33/33 MP: 5/5
  2101 | D:3      | Noticed Terence
  2122 | D:3      | Killed Terence
  2170 | D:4      | Noticed Ijyb
  2179 | D:4      | Killed Ijyb
  2210 | D:4      | Found a sand-covered staircase.
  2217 | Ossuary  | Entered an ossuary
  2288 | Ossuary  | Reached XP level 6. HP: 35/39 MP: 6/6
  2412 | Ossuary  | Reached skill level 5 in Armour
  2424 | Ossuary  | Reached skill level 5 in Fighting
  2595 | Ossuary  | Reached XP level 7. HP: 44/44 MP: 7/7
  2842 | D:4      | Noticed Dowan
  2843 | D:4      | Noticed Duvessa
  3013 | D:3      | Noticed Robin
  3037 | D:3      | Killed Robin
  3447 | D:3      | Noticed Sigmund
  3471 | D:3      | Killed Sigmund
  3472 | D:3      | Reached skill level 5 in Maces & Flails
  3472 | D:3      | Reached skill level 5 in Stealth
  3472 | D:3      | Reached XP level 8. HP: 45/51 MP: 8/8
  3836 | D:4      | Killed Duvessa
  3846 | D:3      | Killed Dowan
  3983 | D:5      | Entered Level 5 of the Dungeon
  4191 | D:4      | Found a staircase to the Ecumenical Temple.
  4198 | Temple   | Entered the Ecumenical Temple
  4237 | Temple   | Became a worshipper of Warmaster Okawaru
  5240 | D:5      | Reached XP level 9. HP: 57/57 MP: 9/9
  5587 | D:6      | Reached * piety under Okawaru
  6082 | D:7      | Reached ** piety under Okawaru
  6719 | D:7      | Reached XP level 10. HP: 62/64 MP: 10/10
  8377 | D:8      | Found an ornate altar of the Wu Jian Council.
  8544 | D:8      | Found a glowing golden altar of the Shining One.
  8752 | D:9      | Noticed a deep elf pyromancer
  8763 | D:9      | Killed a deep elf pyromancer
  8764 | D:9      | Reached skill level 1 in Throwing
  8886 | D:10     | Entered Level 10 of the Dungeon
  9329 | D:9      | Reached *** piety under Okawaru
  9801 | D:10     | Noticed Amaemon
  9801 | D:10     | Noticed an orange demon
 10119 | D:10     | Noticed a two-headed ogre
 10129 | D:10     | Killed a two-headed ogre
 10129 | D:10     | Reached **** piety under Okawaru
 10130 | D:10     | Reached XP level 11. HP: 38/71 MP: 11/11
 10187 | D:11     | Noticed a boulder beetle
 10630 | D:10     | Found a staircase to the Lair.
 10805 | D:10     | Found a staircase to the Orcish Mines.
 10823 | D:10     | Noticed Sonja
 10852 | D:10     | Killed Sonja
 10926 | D:10     | Found Jegyjula's Distillery.
 10929 | D:10     | Bought a potion of haste for 140 gold pieces
 10929 | D:10     | Bought a potion of haste for 140 gold pieces
 10929 | D:10     | Bought a potion of curing for 42 gold pieces
 10929 | D:10     | Bought a potion of might for 56 gold pieces
 10968 | D:10     | Reached ***** piety under Okawaru
 11025 | D:10     | Reached skill level 10 in Armour
 11106 | D:10     | Reached skill level 10 in Fighting
 11106 | D:10     | Reached skill level 10 in Stealth
 11478 | D:9      | Killed Amaemon
 11478 | D:9      | Received a gift from Okawaru
 11584 | D:10     | Slain by a very large slime creature

Illustrated notes

Levels and vault maps discovered:
D:1:      tarquinn_simple_flora_water_a, layout_basic,
          amcnicky_mini_corridor_feature, minmay_misc_feat_nine_boxes,
          amcnicky_mini_rare_corridor_liquid, hangedman_decor_clover_reticule
D:2:      layout_loops_ring, ebering_ecumenical_altar_webs, uniq_jessica
D:3:      minmay_octagon_keep, layout_basic, uniq_robin, uniq_terence,
          uniq_sigmund
D:4:      layout_rooms, minmay_temple_entry_junction_2,
          nicolae_ossuary_entry_giza, uniq_duvessa, uniq_ijyb
D:5:      layout_basic
D:6:      layout_basic
D:7:      layout_basic, lightli_bailey_entry_fortress, serial_corexii_hall,
          chequers_hall_statues_y, chequers_hall_statues_y,
          corexii_hall_statues_s
D:8:      layout_basic, kennysheep_mini_moat, mainiacjoe_overflow_tiny_flanked,
          roderic_serpentine_path
D:9:      layout_irregular_city, minmay_microvault
D:10:     layout_cave_pods, erik_lair_orcish_takeover, orc_0_dummy,
          serial_shops, nicolae_shop_behind_doors, uniq_sonja, uniq_amaemon
D:11:     layout_basic, gauntlet_entry_generic, nicolae_straight_to_the_point
Temple:   mainiacjoe_temple_cubbyholes

Skill      XL: |  1  2  3  4  5  6  7  8  9 10 11 |
---------------+----------------------------------+-----
Stealth        | 1 2 3 5 6 7 9 10 | 10.0
Fighting       | 4 5 7 8 9 10 | 10.3
Armour         | 4 5 6 7 8 9 10 | 10.3
Maces & Flails | 3 4 5 6 7 8 9 |  9.2
Throwing       | 3 4 |  4.5
Shields        | |  3.2

Action                     |  1- 3 |  4- 6 |  7- 9 | 10-12 || total
---------------------------+-------+-------+-------+-------++-------
  Melee: Flail             |   103 |   217 |   135 |       ||   455
         Whip              |       |       |   478 |       ||   478
         Dire flail        |       |       |    23 |   368 ||   391
  Throw: Boomerang         |       |       |       |    16 ||    16
 Invoke: Heroism           |       |       |     1 |       ||     1
  Evoke: Wand              |       |    17 |    13 |     3 ||    33
    Use: Potion            |       |     4 |     6 |     2 ||    12
         Scroll            |       |       |    11 |     6 ||    17
 Armour: Scale mail        |    76 |   195 |   196 |       ||   467
         Chain mail        |       |       |   270 |   387 ||   657
  Dodge: Dodged            |    43 |    91 |   193 |   183 ||   510
  Block: Buckler           |    19 |    49 |   116 |       ||   184
